 Dungeon Crawl Stone Soup version 0.25-a0-1133-g93ebf739aa (webtiles) character file.

Game seed: 17640205965377032581, levelgen mode: deterministic

174 Hastur the Skirmisher (level 5, -4/42 HPs)
             Began as a Demonspawn Artificer on May 21, 2020.
             Killed by divine providence
             ... invoked by an orc priest
              (14 damage)
             ... on level 3 of the Dungeon.
             The game lasted 00:05:04 (3471 turns).

Hastur the Skirmisher (Demonspawn Artificer)        Turns: 3471, Time: 00:05:04

Health: -4/42      AC:  5    Str: 12    XL:     5   Next: 28%
Magic:  7/7        EV: 13    Int: 12    God:
Gold:   155        SH:  0    Dex: 15    Spells: 4/4 levels left

rFire    . . .     SeeInvis .   m - +2 dagger (venom)
rCold    . . .     Gourm    .   (no shield)
rNeg     . . .     Faith    .   A - +0 ring mail
rPois    .         Spirit   .   (no helmet)
rElec    .         Reflect  .   (no cloak)
rCorr    .         Harm     .   (no gloves)
MR       .....                  (no boots)
Stlth    ++........             (no amulet)
HPRegen  0.14/turn              (no ring)
MPRegen  0.10/turn              (no ring)

@: lethally poisoned (-4 -> -5)
A: claws 1, repulsion field 1
a: no special abilities


You were on level 3 of the Dungeon.
You were not hungry.

You visited 1 branch of the dungeon, and saw 3 of its levels.

You collected 155 gold pieces.

Inventory:

Hand Weapons
 a - a +0 short sword
 m - a +2 dagger of venom (weapon)
Missiles
 j - 30 sling bullets
 k - 107 stones (quivered)
 l - 6 poisoned darts
 p - 2 datura-tipped darts
Armour
 b - a +0 leather armour
 A - a +0 ring mail (worn)
Jewellery
 i - an uncursed ring of wizardry {unknown}
 o - an uncursed amulet of magic regeneration
 r - an uncursed ring of protection from cold {unknown}
Wands
 c - a wand of flame (15)
 d - a wand of enslavement (15)
 e - a wand of random effects (15)
Scrolls
 h - a scroll of magic mapping
 q - a scroll of identify
 s - a scroll of enchant weapon {unknown}
 v - a scroll of random uselessness {unknown}
 y - a scroll of enchant armour {unknown}
Potions
 g - a potion of berserk rage {unknown}
 n - 4 potions of curing {unknown}
 t - a potion of degeneration {unknown}
 w - a potion of heal wounds {unknown}
 x - a potion of haste {unknown}
 z - a potion of flight {unknown}
Comestibles
 f - 3 rations
 u - 8 chunks of flesh


   Skills:
 + Level 4.3 Fighting
 - Level 0.8 Short Blades
 - Level 1.7 Dodging
 - Level 3.0 Stealth
 - Level 3.0 Evocations


You had 4 spell levels left.
You didn't know any spells.
Your spell library was empty.

Dungeon Overview and Level Annotations

Branches:
Dungeon (3/15)

Altars:
Sif Muna

Annotations:
D:2 1 runed translucent door, Crazy Yiuf
D:3 exclusion: door


Innate Abilities, Weirdness & Mutations

You have sharp fingernails.
You are surrounded by a mild repulsion field. (EV +2)


Message History

The orc priest hits you.
* * * LOW HITPOINT WARNING * * *
The orc wizard casts a spell.
The orc wizard blinks!
Things that are here:
a +0 hand axe; an orc skeleton You completely miss the orc priest.
The orc priest closely misses you.
You hit the orc priest.
The orc priest is lightly wounded.
You feel sick.
The orc priest looks satisfied for a moment.
You closely miss the orc priest.
The orc priest is lightly wounded.
The orc wizard mumbles some strange words.
The orc wizard seems to speed up.
The orc priest closely misses you.
You hit the orc priest.
The orc priest is heavily wounded.
The orc priest invokes the aid of Beogh against you.
Beogh smites you!
You die...

... #o# #.####### .
#.####.......#
#.##...#####.# #.##.##
##.########
#..^..#####..........
##.o..o.)ยง..#..###...
#.oo.#####...###....
#.#o## ##o........ #.#@#
#..#####.# #.#.## #..#
### #..).# #..# # #.#..#
#..####### #.#..#
#......... #.#..#
###.##...###
.......................#
###.####.#########...#.#
.# ###.##.#


You could see an orc priest, an orc wizard (fast) and 3 orcs.

Vanquished Creatures
  A big kobold (D:2)
  A hound (D:3)
  An adder (D:3)
  2 oozes
  A worm (D:2)
  2 dart slugs
  2 leopard geckos
  3 orcs (D:3)
  5 bats
  4 goblins
  7 hobgoblins
  4 jackals (D:3)
  2 quokkas (D:2)
  6 frilled lizards
  5 kobolds
  9 rats
55 creatures vanquished.

Notes
Turn   | Place    | Note
-------+----------+-------------------------------------------
     0 | D:1      | Hastur the Demonspawn Artificer began the quest for the
                  | Orb.
     0 | D:1      | Reached XP level 1. HP: 15/15 MP: 3/3
   100 | D:1      | Reached skill level 1 in Stealth
   460 | D:1      | Gained mutation: You have sharp fingernails. [demonic
                  | ancestry]
   460 | D:1      | Reached XP level 2. HP: 14/21 MP: 4/4
  1192 | D:1      | Reached skill level 2 in Fighting
  1782 | D:2      | Reached XP level 3. HP: 27/27 MP: 5/5
  2257 | D:2      | Found a runed translucent door.
  2258 | D:2      | Noticed Crazy Yiuf
  2301 | D:2      | Noticed a big kobold
  2350 | D:2      | Killed a big kobold
  2350 | D:2      | Reached skill level 3 in Fighting
  2350 | D:2      | Reached XP level 4. HP: 16/35 MP: 6/6
  3137 | D:3      | Reached skill level 4 in Fighting
  3137 | D:3      | Gained mutation: You are surrounded by a mild repulsion
                  | field. (EV +2) [demonic ancestry]
  3137 | D:3      | Reached XP level 5. HP: 33/42 MP: 7/7
  3322 | D:3      | Found a shimmering blue altar of Sif Muna.
  3471 | D:3      | Killed from afar by an orc priest

Illustrated notes

Levels and vault maps discovered:
D:1:      lordsloth_arrival_two_stooges, layout_basic
D:2:      kennysheep_big_flooded_room, layout_basic, uniq_crazy_yiuf_cottage
D:3:      layout_loops_ring, led_sif_book

Skill      XL: |  1  2  3  4 |
---------------+-------------+-----
Stealth        | 1 2 3 |  3.0
Fighting       | 2 3 4 |  4.3
Short Blades   | |  0.8
Dodging        | |  1.7
Evocations     | |  3.0

Action                   |  1- 3 |  4- 6 || total
-------------------------+-------+-------++-------
Melee: Short sword       |   133 |       ||   133
       Dagger            |     6 |    66 ||    72
Throw: Stone             |     1 |       ||     1
  Use: Scroll            |       |     2 ||     2
 Stab: Sleeping          |     4 |     2 ||     6
       Distracted        |     2 |       ||     2
  Eat: Chunk             |     4 |     4 ||     8
Armor: Leather armour    |    21 |    11 ||    32
Dodge: Dodged            |    96 |    43 ||   139

Table legend:
 A = Non-vault XP
 B = Vault XP
 C = Vault XP percentage of total XP
 D = Non-vault monster count
 E = Vault monster count
 F = Vault count percentage of total count
                 A         B        C        D         E       F
            +---------+---------+-------+---------+---------+-------
      Total |     247 |       2 |   0.8 |      53 |       2 |   3.6
            +---------+---------+-------+---------+---------+-------
        D:1 |      33 |       0 |   0.0 |      16 |       0 |   0.0
        D:2 |     127 |       2 |   1.6 |      21 |       2 |   8.7
        D:3 |      87 |       0 |   0.0 |      16 |       0 |   0.0
            +---------+---------+-------+---------+---------+-------
